 Dungeon Crawl Stone Soup version 0.25-a0-435-g4b9beb1024 (webtiles) character file.

Game seed: 17097739944376254734, levelgen mode: deterministic

2377 LSt the Transmogrifier (level 9, -1/56 HPs)
             Began as an Octopode Transmuter on Jan 27, 2020.
             Was a Follower of Makhleb.
             Slain by Psyche
             ... wielding a +3 dagger of chaos
              (6 damage)
             ... on level 8 of the Dungeon.
             The game lasted 01:17:51 (11500 turns).

LSt the Transmogrifier (Octopode Transmuter)       Turns: 11500, Time: 01:17:52

Health: -1/56      AC:  1    Str: 12    XL:     9   Next: 45%
Magic:  8/15       EV: 14    Int: 15    God:    Makhleb [*.....]
Gold:   387        SH:  0    Dex: 13    Spells: 2/16 levels left

rFire    . . .     SeeInvis .   b - +6 hunting sling (freeze)
rCold    . . .     Gourm    .   (no shield)
rNeg     . . .     Faith    .   (helmet restricted)
rPois    .         Spirit   .   (no amulet)
rElec    .         Reflect  .   P - ring of wizardry
rCorr    .         Harm     .   (no ring)
MR       .....                  (no ring)
Stlth    +++.......             (no ring)
HPRegen  0.18/turn              (no ring)
MPRegen  0.14/turn              (no ring)
                                (no ring)
                                (no ring)

@: very slightly contaminated
A: almost no armour, stealthy swim, amphibious, 8 rings, constrict 8, camouflage
1, gelatinous body 1
a: Renounce Religion


You were on level 8 of the Dungeon.
You worshipped Makhleb.
Makhleb was aware of your devotion.
You were hungry.

You visited 2 branches of the dungeon, and saw 9 of its levels.

You collected 387 gold pieces.

Inventory:

Hand Weapons
 b - a +6 hunting sling of freezing (weapon)
 e - a +0 dagger
 i - a cursed -2 dagger
 j - a +0 club
 z - a +0 trident
 B - a +3 dagger of speed
 D - a +0 shortbow
 H - a +0 lajatang
 I - a +0 spear
 M - a +1 short sword of flaming
Missiles
 a - 95 arrows
 f - 191 stones
 p - 56 bolts
 q - 4 atropa-tipped darts (quivered)
 s - 4 javelins
 x - 11 boomerangs
 y - 29 poisoned darts
 J - 39 sling bullets
Magical Staves
 F - an uncursed staff of air
Jewellery
 P - a ring of wizardry (left tentacle)
Scrolls
 g - a scroll of fog
 h - 6 scrolls of enchant armour
 l - 2 scrolls of remove curse
 n - 2 scrolls of enchant weapon
 r - 3 scrolls of teleportation
 K - a scroll of identify {unknown}
 L - a scroll of amnesia
Potions
 d - a potion of resistance {unknown}
 m - 2 potions of flight {unknown}
 o - 4 potions of heal wounds {unknown}
 t - 4 potions of lignification {unknown}
 u - 3 potions of ambrosia {unknown}
 v - a potion of degeneration {unknown}
 w - 4 potions of curing {unknown}
 A - a potion of mutation {unknown}
 C - a potion of brilliance {unknown}
 E - a potion of magic {unknown}
 G - 2 potions of agility {unknown}
 N - a potion of cancellation {unknown}
Comestibles
 c - 8 rations
 O - 6 chunks of flesh


   Skills:
 - Level 3.0 Fighting
 + Level 2.6 Dodging
 + Level 3.9 Stealth
 + Level 5.5 Unarmed Combat
 - Level 4.1 Spellcasting
 - Level 1.1 Translocations
 - Level 8.0 Transmutations
 - Level 4.4 Ice Magic
 - Level 3.4 Poison Magic


You had 2 spell levels left.
You knew the following spells:

 Your Spells              Type           Power        Failure   Level  Hunger
a - Beastly Appendage     Tmut           ####..       1%          1    None
b - Sticks to Snakes      Tmut           ####....     1%          2    ##.....
c - Spider Form           Tmut/Pois      ###.......   1%          3    ###....
d - Ice Form              Ice/Tmut       ###.....     6%          4    ####...
e - Blink                 Tloc           N/A          7%          2    ##.....
f - Passwall              Tmut/Erth      ###.....     2%          2    ##.....

Your spell library contained the following spells:

 Spells                   Type           Power        Failure   Level  Hunger
 Magic Dart               Conj           #...         8%          1    None
 Sandblast                Erth           #.....       8%          1    None
 Call Imp                 Summ           #.......     11%         2    ##.....
 Searing Ray              Conj           #.....       11%         2    ##.....
 Slow                     Hex            #.......     11%         2    ##.....
 Blade Hands              Tmut           ####......   8%          5    ######.
 Gell's Gravitas          Tloc           #.........   13%         3    ###....
 Mephitic Cloud           Conj/Pois/Air  #.......     13%         3    ###....
 Petrify                  Tmut/Erth      ###.....     14%         4    ####...
 Confusing Touch          Hex            #.......     21%         3    ###....
 Conjure Flame            Conj/Fire      #.......     21%         3    ###....
 Dazzling Flash           Conj/Hex       #.....       21%         3    ###....
 Stone Arrow              Conj/Erth      #.....       21%         3    ###....
 Yara's Violent Unravell  Hex/Tmut       ###.......   34%         5    ######.
 Iskenderun's Mystic Bla  Conj/Tloc      #.......     45%         4    ####...
 Fulminant Prism          Conj/Hex       #.........   54%         4    ####...
 Metabolic Englaciation   Hex/Ice        #.........   58%         5    ######.
 Lee's Rapid Deconstruct  Erth           #.........   86%         5    ######.


Dungeon Overview and Level Annotations

Branches:
Dungeon (8/15)             Temple (1/1) D:4
   Lair: D:8-11

Altars:
Cheibriados
Dithmenos
Elyvilon
Fedhas
Gozag
Hepliaklqana
Kikubaaqudgha
Makhleb
Nemelex Xobeh
Okawaru
Qazlal
Ru
Sif Muna
Trog
Vehumet
Wu Jian
Xom
Yredelemnul
Zin
The Shining One

Shops:
D:6 (

Annotations:
D:8 2 runed translucent doors, Psyche; Sickboy's ghost, novice HOFi


Innate Abilities, Weirdness & Mutations

You cannot wear most types of armour.
You are very stealthy in the water. (Stealth+)
You are amphibious.
You can wear up to eight rings at the same time.
You can use your tentacles to constrict eight enemies at once.
Your skin changes colour to match your surroundings (Stealth+).
Your rubbery body absorbs attacks. (AC +1, EV +1)


Message History

As you read the scroll of blinking, it crumbles to dust.
As you read the scroll of fog, it crumbles to dust.
The scroll dissolves into smoke.
Casting: Blink (safe; 7% risk of failure)
Confirm with . or Enter, or press ? or * to list all spells.
Okay, then.
Casting: Blink (safe; 7% risk of failure)
Confirm with . or Enter, or press ? or * to list all spells.
Aiming: Passwall (safe; 2% risk of failure)
Press: ? - help, Dir - move target cursor A rock wall.
You begin to meditate on the wall.
You continue meditating on the rock.
Psyche completely misses you.
Psyche hits you with a +3 dagger of chaos.
* * * LOW HITPOINT WARNING * * *
You continue meditating on the rock.
Psyche completely misses you.
Psyche zaps a wand.
The bolt of acid misses you.
You continue meditating on the rock.
Psyche hits you with a +3 dagger of chaos.
You die...

#..#.. ## ###..#.#
#≈##.#....#
###..≈#...#
#≈≈..≈#..###
##..#.+....#
#.:W..+..#.# #####
##≈≈⌠W#..#.#####§§.##
#.#(.#..#...##@§§..##
##.≈###...#.#§§@§...#
### ###.#.#§§§§...#
#...#...§<..#
###....§§§§##
##...§§§@##
##..§§§§§#
#####..§§@.§#
#.......§§..#


You could see Psyche.

Vanquished Creatures
  Pikel (D:6)
  An orc warrior (D:7)
  4 slaves (D:6)
  3 phantoms
  2 centaurs
  3 ogres
  A big kobold (D:6)
  2 bullfrogs
  A gnoll sergeant (D:6)
  Blork the orc (D:5)
  2 scorpions
  A centaur zombie (D:8)
  A crimson imp (D:5)
  2 jellies
  An orc priest (D:7)
  A hound (D:6)
  5 orc wizards
  An iguana (D:4)
  6 worker ants
  A hound zombie (D:6)
  A hound skeleton (D:4)
  A worker ant zombie (D:2)
  3 gnolls (D:6)
  8 adders
  A shadow imp (D:6)
  2 oozes
  An adder zombie (D:7)
  A worm (D:2)
  4 leopard geckos
  25 orcs
  6 bats
  5 giant cockroaches
  6 goblins
  9 hobgoblins
  8 jackals
  13 kobolds
  4 quokkas
  2 ball pythons (D:2)
  5 frilled lizards
  A jackal skeleton (D:4)
  A leopard gecko skeleton (D:5)
  2 rats
149 creatures vanquished.

Vanquished Creatures (collateral kills)
  A worker ant (D:4)
1 creature vanquished.

Vanquished Creatures (others)
  An adder skeleton (D:6)
1 creature vanquished.

Grand Total: 151 creatures vanquished

Notes
Turn   | Place    | Note
-------+----------+-------------------------------------------
     0 | D:1      | LSt the Octopode Transmuter began the quest for the Orb.
     0 | D:1      | Reached XP level 1. HP: 13/13 MP: 3/3
  1282 | D:1      | Reached XP level 2. HP: 14/18 MP: 3/5
  1297 | D:1      | Learned a level 2 spell: Sticks to Snakes
  1710 | D:2      | Reached skill level 3 in Transmutations
  1785 | D:2      | Reached XP level 3. HP: 10/23 MP: 1/6
  2139 | D:2      | Reached skill level 4 in Transmutations
  2147 | D:2      | Learned a level 3 spell: Spider Form
  2285 | D:2      | Reached skill level 1 in Poison Magic
  2355 | D:2      | Reached XP level 4. HP: 28/28 MP: 5/7
  2928 | D:2      | Found a stormy altar of Qazlal.
  2928 | D:2      | Found a snail-covered altar of Cheibriados.
  3479 | D:3      | Noticed an ogre
  3788 | D:3      | Reached XP level 5. HP: 23/33 MP: 4/8
  4151 | D:3      | Reached skill level 5 in Transmutations
  4434 | D:3      | Noticed a centaur
  4696 | D:4      | Reached skill level 1 in Stealth
  4696 | D:4      | Reached XP level 6. HP: 38/38 MP: 7/9
  5230 | D:4      | Found a staircase to the Ecumenical Temple.
  5362 | Temple   | Entered the Ecumenical Temple
  5496 | Temple   | Became a worshipper of Makhleb the Destroyer
  5549 | D:4      | You fall into a shaft and drop 1 floor!
  5549 | D:5      | Entered Level 5 of the Dungeon
  5673 | D:5      | Noticed Blork the orc
  6272 | D:5      | Found a sparkling altar of Nemelex Xobeh.
  6321 | D:5      | Noticed a phantom
  6395 | D:5      | Killed a phantom
  6395 | D:5      | Reached XP level 7. HP: 27/43 MP: 8/10
  7397 | D:5      | Killed Blork the orc
  7397 | D:5      | Reached skill level 5 in Unarmed Combat
  8097 | D:3      | Found a stormy altar of Qazlal.
  8557 | D:6      | Reached XP level 8. HP: 46/52 MP: 7/11
  8620 | D:6      | Learned a level 4 spell: Ice Form
  8743 | D:6      | Reached skill level 1 in Ice Magic
  8987 | D:6      | Found Iwikunud's Antique Weapon Shop.
  9189 | D:6      | Found a bloodstained altar of Trog.
  9231 | D:6      | Reached skill level 6 in Transmutations
  9398 | D:6      | Noticed Pikel
  9424 | D:6      | Killed Pikel
  9727 | D:6      | Reached * piety under Makhleb
  9737 | D:6      | Reached skill level 7 in Transmutations
  9950 | D:6      | Reached XP level 9. HP: 56/56 MP: 8/12
  9969 | D:6      | Found a bloodstained altar of Trog.
 10490 | D:7      | Reached skill level 8 in Transmutations
 10569 | D:7      | Identified a scroll of acquirement
 10854 | D:7      | Learned a level 2 spell: Blink
 10950 | D:7      | Reached skill level 1 in Translocations
 11029 | D:7      | Learned a level 2 spell: Passwall
 11374 | D:8      | Found a large runed translucent door.
 11376 | D:8      | Found a large runed translucent door.
 11378 | D:8      | Noticed Sickboy's ghost (novice HOFi)
 11486 | D:8      | Noticed Psyche
 11500 | D:8      | Slain by Psyche

Levels and vault maps discovered:
D:1:      eino_arrival_cavern_a, layout_loops_ring, kennysheep_small_spiral,
          grunt_decor_cap
D:2:      layout_basic, gammafunk_temple_overflow_elements,
          kennysheep_generic_room_10
D:3:      layout_basic, grunt_qazlal_sundering
D:4:      layout_cave_pools, minmay_temple_entry_mist, first_ration
D:5:      layout_loops_ring, nemelex_xobeh_ov_fountains_minmay,
          uniq_blork_the_orc
D:6:      layout_loops_ring, lemuel_coloured_pillars_altar, serial_shops,
          nicolae_shop_overgrown_old_shop, trog_book, uniq_pikel
D:7:      layout_basic
D:8:      layout_rooms, lair_entry_dummy, ebering_ghost_disaster_area,
          uniq_gastronok, uniq_psyche
Temple:   regret_index_temple_sphere_string

Skill      XL: |  1  2  3  4  5  6  7  8  9 |
---------------+----------------------------+-----
Transmutations | 3 4 5 7 8 |  8.0
Poison Magic   | 1 2 3 |  3.4
Stealth        | 1 3 |  3.9
Unarmed Combat | 4 5 |  5.5
Fighting       | 3 |  3.0
Ice Magic      | 4 |  4.4
Spellcasting   | 4 |  4.1
Translocations | 1 |  1.1
Dodging        | |  2.6

Action                   |  1- 3 |  4- 6 |  7- 9 || total
-------------------------+-------+-------+-------++-------
Melee: Unarmed           |    56 |   148 |   212 ||   416
       Constrict         |    16 |    25 |    15 ||    56
       Kick              |    10 |    32 |    19 ||    61
       Tentacles         |     5 |    16 |    13 ||    34
       Punch             |     1 |     2 |     1 ||     4
 Fire: Hunting sling     |       |       |    86 ||    86
Throw: Stone             |    47 |    96 |     6 ||   149
       Javelin           |       |     9 |       ||     9
       Dart              |       |     7 |    32 ||    39
 Cast: Beastly Appendage |    20 |    37 |    18 ||    75
       Sticks to Snakes  |     2 |     4 |       ||     6
       Spider Form       |       |     8 |    18 ||    26
       Blink             |       |       |     2 ||     2
       Passwall          |       |       |     1 ||     1
 Abil: End Transformatio |       |       |     5 ||     5
  Use: Scroll            |       |     8 |     7 ||    15
 Stab: Invisible         |       |     1 |       ||     1
       Sleeping          |       |       |     2 ||     2
  Eat: Chunk             |     5 |    14 |    15 ||    34
       Ration            |       |       |     1 ||     1
Armor: Skin              |     3 |     3 |     4 ||    10
Dodge: Dodged            |    24 |    67 |   137 ||   228

Table legend:
 A = Non-vault XP
 B = Vault XP
 C = Vault XP percentage of total XP
 D = Non-vault monster count
 E = Vault monster count
 F = Vault count percentage of total count
                 A         B        C        D         E       F
            +---------+---------+-------+---------+---------+-------
      Total |    2724 |     673 |  19.8 |     144 |       2 |   1.4
            +---------+---------+-------+---------+---------+-------
        D:1 |      17 |       0 |   0.0 |      10 |       0 |   0.0
        D:2 |     106 |       0 |   0.0 |      24 |       0 |   0.0
        D:3 |     132 |       0 |   0.0 |      30 |       0 |   0.0
        D:4 |     286 |       0 |   0.0 |      17 |       0 |   0.0
        D:5 |     498 |      87 |  14.9 |      17 |       1 |   5.6
        D:6 |     825 |     586 |  41.5 |      23 |       1 |   4.2
        D:7 |     701 |       0 |   0.0 |      21 |       0 |   0.0
        D:8 |     159 |       0 |   0.0 |       2 |       0 |   0.0
            +---------+---------+-------+---------+---------+-------
